 Dungeon Crawl Stone Soup version 0.18-a0-1788-g92de1ac (webtiles) character file.

8 Mefis the Magician (level 2, 0/19 HPs)
             Began as a Human Wizard on Apr 20, 2016.
             Slain by a giant gecko (4 damage)
             ... on level 1 of the Dungeon.
             The game lasted 00:06:01 (659 turns).

Mefis the Magician (Human Wizard)                    Turns: 659, Time: 00:06:02

Health: 0/19       AC:  2    Str:  7    XL:     2   Next: 15%
Magic:  0/6        EV: 12    Int: 18    God:
Gold:   22         SH:  0    Dex: 11    Spells: 4 memorised, 0 levels left

rFire  . . .     SeeInvis .     h - +0 club
rCold  . . .     Gourm    .     a - +0 robe
rNeg   . . .     Faith    +     (no shield)
rPois  .         Spirit   .     b - +0 hat
rElec  .         Dismiss  .     (no cloak)
rCorr  .         Reflect  .     (no gloves)
SustAt .         Harm     .     (no boots)
MR     .....                    i - amulet of faith
Stlth  ++........               (no ring)
                                (no ring)

@: about to teleport, very slightly contaminated, repel missiles, not resistant
to hostile enchantments, unstealthy
A: no striking features
a: no special abilities


You were on level 1 of the Dungeon.
You were not hungry.

You visited 1 branch of the dungeon, and saw 1 of its levels.

You collected 22 gold pieces.

Inventory:

Hand Weapons
 h - a +0 club (weapon)
 q - a cursed +0 hunting sling
Missiles
 k - 11 bolts
 m - 8 poisoned needles (quivered)
 p - 53 arrows
Armour
 a - a +0 robe (worn)
 b - a +0 hat (worn)
Jewellery
 i - an amulet of faith (around neck)
Scrolls
 e - a scroll of enchant weapon {unknown}
 j - a scroll of immolation {unknown}
 l - a scroll of teleportation
 n - a scroll of remove curse {unknown}
 o - a scroll of recharging {unknown}
Books
 c - a book of Minor Magic

   Spells                             Type                      Level
   a - Magic Dart                     Conjuration                  1
   b - Blink                          Translocation                2
   c - Call Imp                       Summoning                    2
   d - Repel Missiles                 Charms/Air                   2
   e - Slow                           Hexes                        2
   f - Conjure Flame                  Conjuration/Fire             3
   g - Mephitic Cloud                 Conjuration/Poison/Air       3
Comestibles
 d - a bread ration
 f - a royal jelly
 g - 3 fruits
 r - 2 chunks of flesh


   Skills:
 + Level 2.2 Dodging
 + Level 2.0 Stealth
 + Level 3.2 Spellcasting
 + Level 1.0 Conjurations
 + Level 1.0 Summonings
 + Level 1.0 Translocations


You couldn't memorise any spells.
You knew the following spells:

 Your Spells              Type           Power        Failure   Level  Hunger
a - Magic Dart            Conj           #...         12%         1    None
b - Call Imp              Summ           #.......     17%         2    ##.....
c - Blink                 Tloc           N/A          17%         2    ##.....
d - Repel Missiles        Chrm/Air       #.....       28%         2    ##.....


Dungeon Overview and Level Annotations

Branches:
Dungeon (1/15)

Altars:


Message History

The magic dart hits the kobold.
The kobold is severely wounded.
The kobold misses you. The giant gecko barely misses you.
Casting: Magic Dart
Confirm with . or Enter, or press ? or * to list all spells.
Aiming: Magic Dart
Press: ? - help, Shift-Dir - straight line, f/p - kobold
Aim: a kobold (severely wounded)
You miscast Magic Dart.
Nothing appears to happen.
The kobold hits you.
Found a stone staircase leading down.
The giant gecko bites you.
* * * LOW HITPOINT WARNING * * *
You aren't carrying any potions.
Eat which item? (? for menu, Esc to quit)
Okay, then.
Read which item? (? for menu, Esc to quit)
As you read the scroll labeled NYOMAIH JILOT, it crumbles to dust.
You feel strangely unstable.
It was a scroll of teleportation.
The giant gecko bites you.
You die...

.#######......##.#'#####
.# #......##.....# ##
##.....##...#.#
#.....##...#.#
#♣♣♣###.....###..#.#
#..................#
#....#.......K.#.###
###....#.......l.#.#
......♣#.....###@#..
...♣♣♣♣#.###...#.....#
########.##....###...#
'.....##.##....# ...#
###...##.##....###.#...
#<'...# #........#..##
####..# #........+ ># ≈
#####....$......# # ≈
####....###..


You could see a giant gecko and a kobold.

Vanquished Creatures
  A giant cockroach (D:1)
  A goblin (D:1)
  3 bats (D:1)
  2 giant newts (D:1)
  2 rats (D:1)
9 creatures vanquished.

Notes
Turn   | Place    | Note
--------------------------------------------------------------
     0 | D:1      | Mefis the Human Wizard began the quest for the Orb.
     0 | D:1      | Reached XP level 1. HP: 13/13 MP: 4/4
   559 | D:1      | Reached XP level 2. HP: 16/19 MP: 0/6
   578 | D:1      | Learned a level 2 spell: Call Imp
   581 | D:1      | Learned a level 2 spell: Blink
   584 | D:1      | Learned a level 2 spell: Repel Missiles
   659 | D:1      | Slain by a giant gecko

Vault maps used:
D:1:      sevenhm_arrival_forest_fort_small_5

Action                   || total
-------------------------++-------
Melee: Unarmed           ||    12
       Club              ||     9
 Cast: Magic Dart        ||    18
       Repel Missiles    ||     1
  Use: Scroll            ||     1
Armor: Robe              ||    14
Dodge: Dodged            ||    39
